 Dungeon Crawl Stone Soup version 0.29-a0-824-gd827844252 (webtiles) character file.

Game seed: 10581518658016166344

63 mattiecakes the Chopper (level 4, -1/32 (38) HPs)
             Began as a Meteoran Cinder Acolyte on July 10, 2022.
             Was a High Priest of Ignis.
             Slain by an adder (2 damage)
             ... on level 2 of the Dungeon.
             The game lasted 00:03:44 (1320 turns).

mattiecakes the Chopper (Meteoran Cinder Acolyte)   Turns: 1320, Time: 00:03:46

HP:   -1/32 (38)    AC:  2    Str: 18    XL:     4   Next: 55%
MP:   7/7           EV: 11    Int: 21    God:    Ignis [*****.]
Gold: 47            SH:  0    Dex:  9    Spells: 5/5 levels left

rFire   + + +      SeeInvis .   a - -1 hand axe (flame)
rCold   + . .      Faith    .   (no shield)
rNeg    . . .      Spirit   .   b - +0 robe
rPois   +          Reflect  .   (no helmet)
rElec   +          Harm     .   (no cloak)
rCorr   +          Rampage  .   (no gloves)
Will    .....                   (no boots)
Stlth   +.........              (no amulet)
HPRegen 0.10/turn               g - +4 ring of slaying
MPRegen 0.10/turn               h - +6 ring of intelligence

@: resistant, glowing, heavily drained, bezotted
A: sense surroundings 1, otherworldly, glowing, explore regen, fire resistance
1, wild magic 1
a: Renounce Religion, Fiery Armour, Foxfire Swarm, Rising Flame


You were on level 2 of the Dungeon.
You worshipped Ignis.
Ignis was extremely pleased with you.
You visited 1 branch of the dungeon, and saw 2 of its levels.

You collected 47 gold pieces.

Inventory:

Hand Weapons
 a - a -1 hand axe of flaming (weapon)
Armour
 b - a +0 robe (worn)
Jewellery
 g - a +4 ring of slaying (left hand)
 h - a +6 ring of intelligence (right hand)
Scrolls
 c - 2 scrolls of identify {unknown}
 d - a scroll of enchant weapon {unknown}
 f - a scroll of poison {unknown}


   Skills:
 - Level 3.2 Fighting
 + Level 5.9 Axes
 - Level 1.3 Spellcasting
 - Level 3.6 Fire Magic


You had 5 spell levels left.
You didn't know any spells.
Your spell library contained the following spells:

 Spells                   Type           Power      Damage    Failure   Level
 Scorch                   Fire           42%        2d7       9%          2


Dungeon Overview and Level Annotations

Branches:
Dungeon (2/15) Zot: 73

Altars:

Shops:
D:1 (


Innate Abilities, Weirdness & Mutations

You passively map a small area around you.
You are easily found by Zot.
You glow in the dark.
You regain HP and MP as you explore.
Your flesh is heat resistant. (rF+)
Your spells are a little harder to cast, but a little more powerful.


Message History

You hit the adder. You burn the adder. The adder bites you but does no damage.
The adder barely misses you.
You hit the adder. You burn the adder.
The adder is almost dead.
You miss the adder. The adder misses you. The adder bites you. x2
You are poisoned.
The adder poisons you!
You closely miss the adder.
The adder is almost dead.
You completely miss the adder.
You feel sick. The adder bites you. x3
You miss the adder.
The adder is almost dead.
You hit the adder. You burn the adder.
You feel sick. The adder bites you but does no damage.
The adder closely misses you.
You hit the adder but do no damage.
The adder is almost dead.
You hit the adder. You burn the adder.
You feel sick. The adder bites you. x2
You are more poisoned.
The adder poisons you! The adder bites you.
You feel sick. The adder bites you. The adder misses you.
You feel sick.
You barely miss the adder.
The adder is heavily wounded.
You miss the adder.
You feel sick. The adder barely misses you. The adder bites you.
* * * LOW HITPOINT WARNING * * *
The adder bites you.
* * * LOW HITPOINT WARNING * * *
It was a potion of resistance.
You feel protected.
You feel sick. The adder bites you.
* * * LOW HITPOINT WARNING * * *
The adder barely misses you. x2
It was a potion of mutation.
You feel extremely strange.
You feel less in control of your magic.
You feel resistant to heat.
* * * LOW HITPOINT WARNING * * *
You feel sick.
You are no longer poisoned.
The adder barely misses you. The adder bites you.
You die...

, * # , , , , ##.
, ,* , ..##,, . ,
* *#!. ,## ...
,,, , ,
#..##.#..... , ,
,,##....# .. , #
#SS##.#.# * , , *
##..#@##..# ,*
....##....######,
.#.##..#.##......
, , #
,#..##.#...# ,
..##....#** *
,##.#..##.#.# #
#.##..#.##..#,.##
, ,
#....##....###..#
* *
.#.##..#.##.....


You could see 2 adders.

Vanquished Creatures
  4 gnolls
  A dart slug (D:1)
  3 ball pythons (D:1)
  7 bats (D:1)
  An endoplasm (D:1)
  2 goblins (D:1)
  A quokka (D:1)
  3 kobolds
  2 rats (D:1)
  A spectral kobold (D:1)
25 creatures vanquished.

Notes
Turn   | Place    | Note
-------+----------+-------------------------------------------
     0 | D:1      | mattiecakes the Meteoran Cinder Acolyte began the quest for
                  | the Orb.
     0 | D:1      | Reached XP level 1. HP: 19/19 MP: 3/3
   259 | D:1      | Reached skill level 4 in Axes
   259 | D:1      | Reached XP level 2. HP: 24/26 MP: 5/5
   287 | D:1      | Found Jeponkat's Weapon Emporium.
   388 | D:1      | Reached XP level 3. HP: 13/31 MP: 6/6
   496 | D:1      | Glimpsed the power of Zot.
   544 | D:1      | Reached skill level 5 in Axes
   545 | D:1      | Glimpsed the power of Zot.
   585 | D:1      | Glimpsed the power of Zot.
   594 | D:1      | Found a faded altar of an unknown god.
   595 | D:1      | Touched by the power of Zot.
   695 | D:1      | Glimpsed the power of Zot.
   745 | D:1      | Glimpsed the power of Zot.
   801 | D:1      | Reached XP level 4. HP: 10/30 MP: 7/7
  1294 | D:2      | Glimpsed the power of Zot.
  1320 | D:2      | Gained mutation: Your spells are a little harder to cast,
                  | but a little more powerful. [potion of mutation]
  1320 | D:2      | Gained mutation: Your flesh is heat resistant. (rF+)
                  | [potion of mutation]
  1320 | D:2      | HP: 1/32 [poisoned by an adder]
  1320 | D:2      | Slain by an adder

Illustrated notes

Levels and vault maps discovered:
D:1:      dpeg_arrival_rooms_with_view, layout_basic, serial_shops,
          nicolae_shop_bloodbath_and_beyond,
          dreamdust_ecumenical_altar_drowned_temple, hangedman_decor_growths
D:2:      layout_rooms, basic_altar, nicolae_eternal_life,
          uniq_crazy_yiuf_cottage

Skill      XL: |  1  2  3 |
---------------+----------+-----
Axes           | 4 5 |  5.9
Fighting       | |  3.2
Spellcasting   | |  1.3
Fire Magic     | |  3.6

Action                   |  1- 3 |  4- 6 || total
-------------------------+-------+-------++-------
Melee: Hand axe          |    74 |    13 ||    87
  Use: Potion            |       |     2 ||     2
Armor: Robe              |    36 |     2 ||    38
Dodge: Dodged            |    55 |    13 ||    68

Table legend: (Time is in decaauts)
 A = Elapsed time spent in this place.
 B = Non-inter-level travel time spent in this place.
 C = Inter-level travel time spent in this place.
 D = Time resting spent in this place.
 E = Time spent auto-exploring this place.
 F = Levels seen in this place.
 G = Mean time per level.
                   A        B        C        D        E       F      G
               +--------+--------+--------+--------+--------+-----+--------+
         Total |   1326 |   1296 |     30 |    824 |    225 |   2 |  663.0 |
       Dungeon |   1326 |   1296 |     30 |    824 |    225 |   2 |  663.0 |
               +--------+--------+--------+--------+--------+-----+--------+

Top non-repeatable levels by time:
     D:1: 1183 daAuts
     D:2: 142 daAuts
